 Dungeon Crawl Stone Soup version 0.30-a0-121-gb27577e5d9 (webtiles) character file.

Game seed: 7197214115752755705

1181 ragingrage the Covert (level 8, -5/45 HPs)
             Began as a Kobold Brigand on Sept 14, 2022.
             Was an Initiate of Wu Jian.
             Slain by Duvessa
             ... wielding a +1 short sword of speed
              (10 damage)
             ... on level 5 of the Dungeon.
             The game lasted 00:04:52 (6296 turns).

ragingrage the Covert (Kobold Brigand)              Turns: 6296, Time: 00:04:53

Health: -5/45      AC:  5    Str: 14    XL:     8   Next: 70%
Magic:  8/8        EV: 14    Int: 13    God:    Wu Jian [......]
Gold:   320        SH:  0    Dex: 18    Spells: 7/7 levels left

rFire   + . .      SeeInvis .    a - +2 dagger
rCold   . . .      Faith    .    (no shield)
rNeg    . . .      Spirit   .    b - +0 robe
rPois   .          Reflect  .    m - +1 helmet
rElec   .          Harm     .    c - +0 cloak
rCorr   .          Rampage  .    (no gloves)
Will    .....                    (no boots)
Stlth   +++++.....               (no amulet)
HPRegen 0.15/turn                l - ring of protection from fire
MPRegen 0.11/turn                u - +6 ring of strength

@: no status effects
A: small, no large weapons, nightstalker 3
a: Renounce Religion


You were on level 5 of the Dungeon.
You worshipped Wu Jian.
Wu Jian was noncommittal.
You visited 2 branches of the dungeon, and saw 7 of its levels.

You collected 320 gold pieces.

Inventory:

Hand Weapons
 a - a +2 dagger (weapon)
 H - a +1 whip of venom
Missiles
 d - 5 poisoned darts (quivered)
 e - 2 curare-tipped darts
 n - 6 boomerangs
Armour
 b - a +0 robe (worn)
 c - a +0 cloak (worn)
 m - a +1 helmet (worn)
 o - an orb of guile
Jewellery
 l - a ring of protection from fire (left hand)
 u - a +6 ring of strength (right hand)
 z - a ring of ice
 F - an amulet of faith
Wands
 y - a wand of acid (6)
Scrolls
 g - 2 scrolls of teleportation
 k - 3 scrolls of identify {unknown}
 p - a scroll of vulnerability {unknown}
 q - 4 scrolls of magic mapping {unknown}
 r - a scroll of enchant weapon {unknown}
 s - a scroll of noise {unknown}
 t - a scroll of immolation {unknown}
 A - a scroll of summoning {unknown}
 B - a scroll of acquirement {unknown}
 G - a scroll of blinking {unknown}
Potions
 h - 3 potions of degeneration {unknown}
 i - 2 potions of lignification {unknown}
 j - a potion of attraction {unknown}
 v - a potion of resistance {unknown}
 w - a potion of heal wounds {unknown}
 x - a potion of might {unknown}
 C - a potion of invisibility {unknown}
 D - a potion of flight {unknown}
 E - a potion of berserk rage


   Skills:
 - Level 2.5 Fighting
 + Level 8.0 Short Blades
 - Level 6.0 Throwing
 - Level 1.7 Dodging
 + Level 9.7 Stealth


You had 7 spell levels left.
You didn't know any spells.
Your spell library contained the following spells:

 Spells                   Type           Power      Damage    Failure   Level
 Shock                    Conj/Air       0%         1d3       30%         1
 Summon Guardian Golem    Hex/Summ       0%         N/A       67%         3
 Swiftness                Air            0%         N/A       67%         3
 Airstrike                Air            0%         2d(0-16)  97%         4
 Blade Hands              Tmut           0%         N/A       100%        5
 Irradiate                Conj/Tmut      0%         3d11      100%        5
 Dragon Form              Tmut           0%         N/A       100%        7
 Orb of Destruction       Conj           0%         9d5       100%        7
 Spellforged Servitor     Conj/Summ      0%         N/A       100%        7


Dungeon Overview and Level Annotations

Branches:
Dungeon (6/15)             Temple (1/1) D:4

Altars:
Cheibriados
Dithmenos
Elyvilon
Fedhas
Hepliaklqana
Makhleb
Nemelex Xobeh
Okawaru
Qazlal
Ru
Sif Muna
Trog
Vehumet
Wu Jian
Yredelemnul
The Shining One

Annotations:
D:3 1 runed translucent door, Tollund's ghost, amateur DjFE
D:5 Dowan; Duvessa


Innate Abilities, Weirdness & Mutations

You are small and have problems with some larger weapons.
You are completely attuned to the shadows.


Message History

Press: ? - help, Q - select action, (/) - cycle Shift-Dir - straight line, f/p - Duvessa
Aim: Duvessa, wielding a +1 short sword of speed and wearing a +3 leather armour of willpower (moderately wounded, extremely poisoned, 69% to hit)
You throw a throwing net. The throwing net hits Duvessa.
Duvessa is caught in the net!
Duvessa is moderately wounded.
Duvessa struggles against the net.
You hit Duvessa.
Duvessa is heavily wounded.
Duvessa struggles against the net.
You hit Duvessa but do no damage.
Duvessa is heavily wounded.
You hit Duvessa.
Duvessa is heavily wounded.
Duvessa struggles against the net.
You hit Duvessa but do no damage.
Duvessa is heavily wounded.
You hit Duvessa.
Duvessa is heavily wounded.
Duvessa struggles against the net.
You hit Duvessa.
Duvessa is severely wounded.
Duvessa gestures with her weapon.
Duvessa struggles against the net.
You hit Duvessa but do no damage.
Duvessa is severely wounded.
You hit Duvessa.
Duvessa is severely wounded.
Duvessa struggles against the net.
The net rips apart, and Duvessa comes free!
You hit Duvessa.
Duvessa is severely wounded.
Aiming: Corrosive Bolt
Press: ? - help, Shift-Dir - straight line, f/p - Duvessa
Aim: Duvessa, wielding a +1 short sword of speed and wearing a +3 leather armour of willpower (severely wounded, very poisoned, 75% to hit)
The bolt of acid hits Duvessa!
Duvessa is almost dead.
Duvessa hits you with a +1 short sword of speed.
* * * LOW HITPOINT WARNING * * *
Duvessa hits you with a +1 short sword of speed!
You die...

#.# #.# e# ##'## .#
#...## ##.# ##.....##
##..#####.......##
.......#.........####
.......'.......(e'...
....##.#........@##
.#.###.##.......##
.......###.....##
###).....##...##
....####.###'## ##..#
.# #.# ##..#### # #.#
.......#.###.#####
##..##.#.##.......


You could see Duvessa (very poisoned).

Vanquished Creatures
  A water moccasin (D:6)
  2 ice beasts (D:6)
  3 ogres
  A kobold brigand (D:6)
  A scorpion (D:4)
  3 hounds
  2 jellies (D:4)
  An iguana (D:5)
  Natasha (thrice) (D:4)
  An orc wizard (D:3)
  4 adders
  11 gnolls
  A shadow imp (D:5)
  3 worms
  A dart slug (D:3)
  6 orcs (D:3)
  6 bats
  6 endoplasms
  5 giant cockroaches
  3 goblins
  3 hobgoblins
  6 jackals
  8 kobolds
  6 quokkas
  5 ball pythons
  5 frilled lizards
  2 rats
99 creatures vanquished.

Vanquished Creatures (others)
  An ogre (D:4)
  An endoplasm (D:4)
2 creatures vanquished.

Grand Total: 101 creatures vanquished

Notes
Turn   | Place    | Note
-------+----------+-------------------------------------------
     0 | D:1      | ragingrage the Kobold Brigand began the quest for the Orb.
     0 | D:1      | Reached XP level 1. HP: 12/12 MP: 1/1
    14 | D:1      | You fall into a shaft and drop 1 floor!
    25 | D:2      | Reached XP level 2. HP: 18/18 MP: 2/2
    28 | D:2      | Reached XP level 3. HP: 22/22 MP: 3/3
    79 | D:2      | Reached XP level 4. HP: 27/27 MP: 4/4
   108 | D:1      | Reached skill level 6 in Stealth
  1859 | D:3      | Reached XP level 5. HP: 31/31 MP: 5/5
  2149 | D:3      | Found a burning altar of Makhleb.
  2149 | D:3      | Found a runed translucent door.
  2441 | D:3      | Found a faded altar of an unknown god.
  2465 | D:3      | Noticed Tollund's ghost (amateur DjFE)
  3120 | D:4      | Noticed Natasha
  3124 | D:4      | Killed Natasha
  3167 | D:4      | Reached XP level 6. HP: 36/36 MP: 6/6
  3191 | D:4      | Reached skill level 5 in Short Blades
  3191 | D:4      | Reached skill level 7 in Stealth
  3248 | D:4      | Found a sacrificial altar of Ru.
  3277 | D:4      | Found a shimmering blue altar of Sif Muna.
  3280 | D:4      | Found a radiant altar of Vehumet.
  3346 | D:4      | Killed an ogre
  3621 | D:4      | Noticed Natasha
  3637 | D:4      | Killed Natasha
  3658 | D:4      | Noticed Natasha
  3664 | D:4      | Killed Natasha
  3665 | D:4      | Reached XP level 7. HP: 21/40 MP: 7/7
  4321 | D:4      | Found a staircase to the Ecumenical Temple.
  4334 | Temple   | Entered the Ecumenical Temple
  4472 | Temple   | Became a worshipper of the Wu Jian Council
  4574 | D:5      | Entered Level 5 of the Dungeon
  4939 | D:5      | Reached skill level 5 in Throwing
  4939 | D:5      | Reached skill level 8 in Stealth
  4963 | D:5      | Found a hazy altar of Hepliaklqana.
  5198 | D:5      | Noticed Duvessa
  5353 | D:6      | Noticed a water moccasin
  5356 | D:6      | Killed a water moccasin
  5357 | D:6      | Reached XP level 8. HP: 45/45 MP: 8/8
  5436 | D:6      | Reached skill level 9 in Stealth
  5920 | D:5      | Noticed Dowan
  6296 | D:5      | Slain by Duvessa

Illustrated notes

Levels and vault maps discovered:
D:1:      giann_wishing_wells, layout_basic
D:2:      layout_rooms, minmay_tripent
D:3:      layout_loops_ring, lemuel_crystal_altar,
          ebering_ecumenical_altar_rust, hellmonk_ghost_happy_afterlife
D:4:      layout_basic, minitemple, lemuel_temple_firewalk_b, serial_curves,
          eino_curves_04, eino_curves_01, eino_curves_03, uniq_natasha
D:5:      layout_loops_corners, lemuel_mausoleum_altar_kikubaaqudgha,
          old_standard_altar, mainiacjoe_overflow_24_doors,
          nicolae_uskayaw_dance_hall, uniq_duvessa
D:6:      layout_loops_ring, nicolae_gozag_zags_fifth_avenue
Temple:   jpeg_temple_clearing

Skill      XL: |  1  2  3  4  5  6  7  8 |
---------------+-------------------------+-----
Short Blades   | 3 4 5 6 8 |  8.0
Throwing       | 3 4 5 6 |  6.0
Stealth        | 6 7 8 9 |  9.7
Fighting       | |  2.5
Dodging        | |  1.7

Action                   |  1- 3 |  4- 6 |  7- 9 || total
-------------------------+-------+-------+-------++-------
Melee: Dagger            |     9 |   178 |   109 ||   296
       Punch             |       |     2 |     1 ||     3
Throw: Dart              |       |     4 |    13 ||    17
       Throwing net      |       |       |     1 ||     1
Invok: Lunge             |       |       |     9 ||     9
Evoke: Wand              |       |       |     1 ||     1
  Use: Potion            |       |     1 |       ||     1
       Scroll            |       |       |     1 ||     1
 Stab: Sleeping          |     9 |    32 |    17 ||    58
       Distracted        |       |       |     2 ||     2
Armor: Robe              |       |    39 |    15 ||    54
Dodge: Dodged            |       |    93 |    44 ||   137

Table legend: (Time is in decaauts)
 A = Elapsed time spent in this place.
 B = Non-inter-level travel time spent in this place.
 C = Inter-level travel time spent in this place.
 D = Time resting spent in this place.
 E = Time spent auto-exploring this place.
 F = Levels seen in this place.
 G = Mean time per level.
                   A        B        C        D        E       F      G
               +--------+--------+--------+--------+--------+-----+--------+
         Total |   6236 |   6001 |    235 |   1673 |   3504 |   7 |  890.9 |
       Dungeon |   6084 |   5888 |    196 |   1673 |   3404 |   6 | 1014.0 |
        Temple |    152 |    113 |     39 |      0 |    100 |   1 |  152.0 |
               +--------+--------+--------+--------+--------+-----+--------+

Top non-repeatable levels by time:
     D:4: 1851 daAuts
     D:3: 1228 daAuts
     D:1: 1036 daAuts
     D:5: 716 daAuts
     D:2: 693 daAuts
     D:6: 558 daAuts
  Temple: 152 daAuts
